 Dungeon Crawl Stone Soup version 0.27.0-1-g7a089689b8 (webtiles) character file.

Game seed: 15261834334208677820

1293 Leibowitz the Slicer (level 8, 0/49 HPs)
             Began as a Kobold Berserker on Aug 9, 2021.
             Was a Priest of Trog.
             Succumbed to Edmund's poison
             ... on level 4 of the Dungeon.
             The game lasted 00:10:42 (5639 turns).

Leibowitz the Slicer (Kobold Berserker)             Turns: 5639, Time: 00:10:43

Health: 0/49       AC:  6    Str: 14    XL:     8   Next: 86%
Magic:  8/8        EV: 16    Int:  9    God:    Trog [***...]
Gold:   114        SH:  0    Dex: 16    Spells: 7/7 levels left

rFire    . . .     SeeInvis +   a - +1 short sword (elec)
rCold    . . .     Faith    .   (shield restricted)
rNeg     . . .     Spirit   .   u - +0 leather armour
rPois    .         Reflect  .   f - +0 helmet
rElec    .         Harm     .   (no cloak)
rCorr    .         Rampage  .   k - +1 pair of gloves
Will     +++..                  (no boots)
Stlth    ++++......             (no amulet)
HPRegen  1.16/turn              c - ring of see invisible
MPRegen  0.11/turn              x - ring of willpower

@: lethally poisoned (0 -> -1), strong-willed, on berserk cooldown,
regenerating, slowed, very slow
A: small, no large weapons, nightstalker 3
a: Renounce Religion, Berserk, Trog's Hand


You were on level 4 of the Dungeon.
You worshipped Trog.
Trog was most pleased with you.
You visited 1 branch of the dungeon, and saw 4 of its levels.
You also visited: Sewer.

You collected 114 gold pieces.

Inventory:

Hand Weapons
 a - a +1 short sword of electrocution (weapon)
 s - a +0 short sword
Armour
 f - a +0 helmet (worn)
 k - a +1 pair of gloves (worn)
 m - the +1 scale mail "Qotrar" {+Inv}
   (You found it on level 3 of the Dungeon)

   +Inv:      It lets you turn invisible.
 u - a +0 leather armour (worn)
Jewellery
 c - a ring of see invisible (left hand)
 x - a ring of willpower (right hand)
Wands
 r - a wand of polymorph (6)
Scrolls
 d - 4 scrolls of teleportation {unknown}
 g - 4 scrolls of identify {unknown}
 h - a scroll of torment {unknown}
 i - 2 scrolls of holy word {unknown}
 n - 6 scrolls of fog {unknown}
 q - 2 scrolls of fear {unknown}
 t - a scroll of acquirement {unknown}
 v - a scroll of summoning {unknown}
Potions
 b - a potion of degeneration {unknown}
 e - 2 potions of curing {unknown}
 j - a potion of flight {unknown}
 l - 4 potions of heal wounds {unknown}
 o - a potion of might {unknown}
 p - a potion of invisibility {unknown}
 w - a potion of brilliance {unknown}


   Skills:
 * Level 5.3 Fighting
 * Level 8.3 Short Blades
 * Level 3.5 Armour
 * Level 4.4 Dodging
 * Level 6.5 Stealth
 * Level 2.9 Evocations


You had 7 spell levels left.
You didn't know any spells.
Your spell library was empty.

Dungeon Overview and Level Annotations

Branches:
Dungeon (4/15)              Sewer (visited)
 Temple: D:4-7

Altars:
Yredelemnul

Shops:
D:2 =


Innate Abilities, Weirdness & Mutations

You are small and have problems with some larger weapons.
You are completely attuned to the shadows.


Message History

* * * LOW HITPOINT WARNING * * *
You feel sick. The phantom closely misses you.
You barely miss the phantom.
The phantom is moderately damaged.
* * * LOW HITPOINT WARNING * * *
You feel sick.
You closely miss the phantom.
The phantom is moderately damaged.
* * * LOW HITPOINT WARNING * * *
You feel sick. The phantom completely misses you.
You hit the phantom.
The phantom is heavily damaged.
* * * LOW HITPOINT WARNING * * *
You feel sick.
You barely miss the phantom.
The phantom is heavily damaged.
* * * LOW HITPOINT WARNING * * *
You feel sick. The phantom barely misses you.
You hit the phantom. Lightning courses through the phantom!
The phantom is almost destroyed.
* * * LOW HITPOINT WARNING * * *
You feel sick.
You puncture the phantom!
You destroy the phantom!
Trog accepts your kill.
* * * LOW HITPOINT WARNING * * *
You feel sick.
* * * LOW HITPOINT WARNING * * *
You feel sick.
You feel a strong urge to attack something.
* * * LOW HITPOINT WARNING * * *
You feel sick.
You are no longer berserk.
You are exhausted.
You feel yourself slow down.
* * * LOW HITPOINT WARNING * * *
You feel sick.
Your skin crawls.
You feel strong-willed.
You die...

.#####.# #..#### .# #.#
..#.....# .#####.#######
#.#.##.## .............#
#.#..#.# ######.#####.#
#.##.#.# #.## #....<#.#
#)##.#.# ....##.###.#.#
#.##.#.# .........#.#.#
#.##.#.# ....)......#.#
#@##.#.# ...#.......#.#
#....#.#
...#.###.#.#.########.#
.#....)..#.#......รท...#
.#.#..####.#########..#
##.#..# ......# ..#..#
.####.# ####..# #.# #.#


There were no monsters in sight!

Vanquished Creatures
  Pikel (D:4)
  Edmund (D:4)
  An ogre (D:4)
  2 phantoms (D:4)
  2 lemures (D:4)
  A gnoll shaman (D:4)
  An orc priest (D:3)
  A centaur skeleton (D:4)
  Natasha (thrice) (D:2)
  An iguana (D:4)
  An orc wizard (D:3)
  6 adders
  4 river rats (Sewer)
  4 gnolls
  2 worms
  4 dart slugs
  7 orcs
  9 bats
  4 endoplasms
  3 giant cockroaches
  9 hobgoblins
  15 jackals
  9 kobolds
  3 quokkas
  11 ball pythons
  7 frilled lizards
  6 goblins
  3 rats
121 creatures vanquished.

Vanquished Creatures (others)
  6 plants (D:3)
  8 withered plants (D:3)
14 creatures vanquished.

Grand Total: 135 creatures vanquished

Notes
Turn   | Place    | Note
-------+----------+-------------------------------------------
     0 | D:1      | Leibowitz the Kobold Berserker began the quest for the Orb.
     0 | D:1      | Reached XP level 1. HP: 14/14 MP: 1/1
   127 | D:1      | Reached XP level 2. HP: 17/19 MP: 2/2
   492 | D:1      | Reached XP level 3. HP: 24/24 MP: 3/3
  1346 | D:2      | Reached skill level 1 in Stealth
  1427 | D:2      | Noticed Natasha
  1442 | D:2      | Killed Natasha
  1443 | D:2      | Reached XP level 4. HP: 7/29 MP: 4/4
  1599 | D:2      | Noticed Natasha
  1606 | D:2      | Killed Natasha
  1607 | D:2      | Reached skill level 5 in Short Blades
  1708 | D:2      | Found Otzewyuc's Jewellery Shop.
  1837 | D:2      | Noticed Natasha
  1848 | D:2      | Killed Natasha
  1849 | D:2      | Reached XP level 5. HP: 29/33 MP: 5/5
  2432 | D:3      | Reached ** piety under Trog
  2828 | D:3      | Found a faded altar of an unknown god.
  2854 | D:3      | Found a basalt altar of Yredelemnul.
  2911 | D:3      | Identified the +1 scale mail "Qotrar" {+Inv}
  3142 | D:3      | Reached XP level 6. HP: 36/37 MP: 6/6
  3240 | D:3      | Reached skill level 6 in Short Blades
  3780 | D:4      | Reached *** piety under Trog
  3781 | D:4      | Reached XP level 7. HP: 23/35 MP: 4/7
  3785 | D:4      | Reached skill level 1 in Evocations
  4034 | D:4      | Found a glowing drain.
  4041 | Sewer    | Entered a sewer
  4136 | Sewer    | Reached skill level 5 in Stealth
  4884 | D:4      | Noticed Pikel
  4964 | D:4      | Killed Pikel
  4965 | D:4      | Reached skill level 5 in Fighting
  4965 | D:4      | Reached skill level 7 in Short Blades
  4965 | D:4      | Reached XP level 8. HP: 20/49 MP: 8/8
  5199 | D:4      | Reached skill level 8 in Short Blades
  5614 | D:4      | Noticed Edmund
  5626 | D:4      | Killed Edmund
  5637 | D:4      | HP: 3/73 [poisoned by Edmund]
  5638 | D:4      | HP: 1/49 [poisoned by Edmund]
  5639 | D:4      | Succumbed to Edmund's poison

Illustrated notes

Levels and vault maps discovered:
D:1:      shiori_arrival_elements, layout_loops_ring, chequers_mini_garden,
          minmay_misc_feat_nine_boxes
D:2:      minmay_angry_zag, layout_rooms, serial_shops, shop, uniq_natasha
D:3:      layout_basic, lemuel_crystal_altar,
          shapermc_ecumenical_altar_flowoftime, chequers_serial_rivers_room_a,
          minmay_checkerbox
D:4:      cheibrodos_quashed, layout_basic, cheibrodos_sewer_entry_bend,
          uniq_edmund, uniq_pikel

Skill      XL: |  1  2  3  4  5  6  7  8 |
---------------+-------------------------+-----
Stealth        | 1 2 3 4 6 |  6.5
Fighting       | 4 5 |  5.3
Short Blades   | 5 6 7 8 |  8.3
Dodging        | 3 4 |  4.4
Armour         | 2 3 |  3.5
Evocations     | 2 |  2.9

Action                   |  1- 3 |  4- 6 |  7- 9 || total
-------------------------+-------+-------+-------++-------
Melee: Short sword       |    68 |   203 |   230 ||   501
Invok: Berserk           |       |       |     2 ||     2
       Trog's Hand       |       |       |     1 ||     1
 Abil: Evoke Invisibilit |       |     3 |       ||     3
 Stab: Sleeping          |     6 |    19 |    12 ||    37
       Invisible         |       |     5 |     3 ||     8
       Distracted        |       |     1 |     2 ||     3
Armor: Animal skin       |     3 |    15 |       ||    18
       Scale mail        |       |    43 |    50 ||    93
       Leather armour    |       |       |     1 ||     1
Dodge: Dodged            |    31 |   150 |    94 ||   275
